 Dungeon Crawl Stone Soup version 0.29-a0-40-g8eb35efe60 (webtiles) character file.

Game seed: 15726607499656188041

16480 lunkers the Destroyer (level 11, -8/92 HPs)
             Began as a Demigod Earth Elementalist on Feb 1, 2022.
             Mangled by a cane toad (21 damage)
             ... on level 2 of the Lair of Beasts.
             The game lasted 00:23:20 (13220 turns).

lunkers the Destroyer (Demigod Earth Elementalist) Turns: 13220, Time: 00:23:21

Health: -8/92      AC: 10    Str:  9    XL:     11   Next: 81%
Magic:  10/27      EV: 12    Int: 31    God:
Gold:   742        SH:  0    Dex: 17    Spells: 16/27 levels left

rFire   . . .      SeeInvis +   a - +4 falchion of Xajamoi {venom, Int+2 Dex+3 SInv}
rCold   . . .      Faith    .   (no shield)
rNeg    . . .      Spirit   .   v - +1 robe
rPois   .          Reflect  .   J - +2 hat
rElec   .          Harm     .   (no cloak)
rCorr   +          Rampage  ∞   A - +0 pair of gloves
Will    ++...                   f - +3 pair of seven-league boots {Rampage+∞}
Stlth   ++........              B - amulet of magic regeneration
HPRegen 0.25/turn               g - ring of willpower
MPRegen 0.60/turn               r - ring of resist corrosion

@: no status effects
A: high MP 1, forlorn, divine attributes
a: no special abilities


You were on level 2 of the Lair of Beasts.
You visited 2 branches of the dungeon, and saw 12 of its levels.

You collected 742 gold pieces.

Inventory:

Hand Weapons
 a - the +4 falchion of Xajamoi (weapon) {venom, Int+2 Dex+3 SInv}
   (You found it on level 4 of the Dungeon)

   It poisons the flesh of those it strikes.
   Int:       It affects your intelligence (+2).
   Dex:       It affects your dexterity (+3).
   SInv:      It lets you see invisible.
 b - the +8 hand axe "Ruypny" {vorpal, Drain rF+ rC+ Will+}
   (You found it on level 4 of the Dungeon)

   It inflicts extra damage upon your enemies.
   rF:        It protects you from fire.
   rC:        It protects you from cold.
   Drain:     It drains your maximum health when unequipped.
   Will:      It increases your willpower.
 j - a +4 morningstar of freezing
 q - a +3 flail of holy wrath
 D - the +10 rapier of Plog {vorpal, rF+}
   (You found it on level 6 of the Dungeon)

   It inflicts extra damage upon your enemies.
   rF:        It protects you from fire.
 L - a +0 lajatang of electrocution
 Q - the +10 dagger "Agimur" {vorpal, Dex+4}
   (You found it on level 1 of the Lair of Beasts)

   It inflicts extra damage upon your enemies.
   Dex:       It affects your dexterity (+4).
Missiles
 C - 280 stones
 G - 3 throwing nets
 M - 7 curare-tipped darts
Armour
 f - the +3 pair of seven-league boots (worn) {Rampage+∞}
   (You acquired it on level 8 of the Dungeon)

   Its wearer moves as far as possible in that direction when moving towards
   enemies.
 v - a +1 robe (worn)
 w - a +0 helmet
 A - a +0 pair of gloves (worn)
 J - a +2 hat (worn)
 S - a +1 leather armour of positive energy
Magical Staves
 O - a staff of conjuration
Jewellery
 c - an amulet of guardian spirit
 g - a ring of willpower (left hand)
 r - a ring of resist corrosion (right hand)
 B - an amulet of magic regeneration (around neck)
 T - a +6 ring of dexterity
Wands
 k - a wand of iceblast (5)
 t - a wand of mindburst (21)
 u - a wand of flame (21)
 y - a wand of acid (2)
 F - a wand of paralysis (11)
Scrolls
 e - 2 scrolls of amnesia
 h - 2 scrolls of blinking
 i - 2 scrolls of vulnerability
 l - a scroll of enchant armour
 s - a scroll of enchant weapon
 P - a scroll of teleportation
Potions
 d - 5 potions of curing
 m - a potion of might
 n - 4 potions of lignification
 o - 2 potions of flight
 p - a potion of cancellation
 x - 3 potions of haste
 z - 5 potions of resistance
 E - 5 potions of mutation
 H - a potion of ambrosia {unknown}
 I - 2 potions of berserk rage


   Skills:
 + Level 7.0 Fighting
 - Level 1.7 Dodging
 - Level 1.7 Stealth
 + Level 8.5 Spellcasting
 * Level 12.4 Conjurations
 - Level 0.8 Transmutations
 - Level 7.5 Earth Magic


You had 16 spell levels left.
You knew the following spells:

 Your Spells              Type           Power      Damage    Failure   Level
a - Stone Arrow           Conj/Erth      100%       3d13      1%          3
b - Passwall              Tmut/Erth      32%        N/A       1%          2
c - Sandblast             Erth           100%       2d20      1%          1
d - Irradiate             Conj/Tmut      26%        3d22      7%          5

Your spell library contained the following spells:

 Spells                   Type           Power      Damage    Failure   Level
 Beastly Appendage        Tmut           36%        N/A       2%          1
 Summon Small Mammal      Summ           52%        N/A       3%          1
 Wereblood                Tmut           18%        N/A       4%          2
 Ensorcelled Hibernation  Hex/Ice        26%        N/A       6%          2
 Sublimation of Blood     Necr           13%        N/A       6%          2
 Petrify                  Tmut/Erth      39%        N/A       7%          4
 Spider Form              Tmut/Pois      15%        N/A       10%         3
 Call Canine Familiar     Summ           13%        N/A       12%         3
 Summon Guardian Golem    Hex/Summ       13%        N/A       12%         3
 Swiftness                Air            13%        N/A       12%         3
 Freezing Cloud           Conj/Ice/Air   19%        6-21      19%         5
 Metabolic Englaciation   Hex/Ice        6%         N/A       71%         5
 Statue Form              Tmut/Erth      26%        N/A       71%         6
 Simulacrum               Ice/Necr       6%         N/A       99%         6
 Polar Vortex             Ice            6%         N/A       100%        9


Dungeon Overview and Level Annotations

Branches:
Dungeon (10/15)            Temple (0/1) D:5            Lair (2/6) D:10
  Swamp: Lair:2-4    Shoals: Lair:2-4     Snake: Lair:2-4    Spider: Lair:2-4
    Orc: D:9-12

Shops:
D:5 :   D:7 !

Annotations:
D:4 3 runed translucent doors, Pooter's ghost, amateur MiMo


Innate Abilities, Weirdness & Mutations

You have an increased reservoir of magic. (+10% MP)
You shall have no god before yourself.
Your divine heritage dramatically boosts your attributes as you level up.


Message History

Press: ? - help, Shift-Dir - straight line, f - four-headed hydra
Aim: a four-headed hydra (92% to hit)
The stone arrow hits the four-headed hydra!!
The four-headed hydra is moderately wounded.
Casting: Stone Arrow (safe; 1% risk of failure)
Confirm with . or Enter, or press ? or * to list all spells.
Aiming: Stone Arrow (safe; 1% risk of failure)
Press: ? - help, Shift-Dir - straight line, f/p - four-headed hydra
Aim: a four-headed hydra (moderately wounded, 92% to hit)
The stone arrow hits the four-headed hydra!!
The four-headed hydra is heavily wounded.
The cane toad stings you!!
* * * LOW HITPOINT WARNING * * *
The four-headed hydra bites you!
* * * LOW HITPOINT WARNING * * *
The four-headed hydra bites you.
* * * LOW HITPOINT WARNING * * *
The four-headed hydra closely misses you. x2
The cane toad misses you.
Casting: Stone Arrow (safe; 1% risk of failure)
Confirm with . or Enter, or press ? or * to list all spells.
Aiming: Stone Arrow (safe; 1% risk of failure)
Press: ? - help, Shift-Dir - straight line, f/p - four-headed hydra
Aim: a four-headed hydra (heavily wounded, 92% to hit)
The stone arrow hits the four-headed hydra!
The four-headed hydra is severely wounded.
The cane toad closely misses you.
The four-headed hydra completely misses you.
The four-headed hydra bites you but does no damage. x2
The four-headed hydra bites you!
* * * LOW HITPOINT WARNING * * *
Casting: Stone Arrow (safe; 1% risk of failure)
Confirm with . or Enter, or press ? or * to list all spells.
Aiming: Stone Arrow (safe; 1% risk of failure)
Press: ? - help, Shift-Dir - straight line, f/p - four-headed hydra
Aim: a four-headed hydra (severely wounded, 92% to hit)
The stone arrow hits the four-headed hydra!
The four-headed hydra is almost dead.
The cane toad stings you!!
You die...

.........# P..# ##..
.........###..##.#...
.....................
...................
..................
#................
#F..............
#.@.............
#D....##..#.....
..............#..
........#.........)
....#.....+.......#....
....##..............#.#
...
##....#.......###### ..
......#P...#.PP#}###
#..............#..##


You could see a four-headed hydra and a cane toad.

Vanquished Creatures
  Gastronok (D:8)
  Erolcha (D:9)
  Harold (D:9)
  2 boulder beetles
  A hydra (Lair:2)
  A two-headed ogre (D:9)
  Joseph (D:8)
  A cane toad (Lair:1)
  A gargoyle (D:7)
  Psyche (D:8)
  A kobold demonologist (D:10)
  A komodo dragon (Lair:2)
  4 polar bears (Lair:1)
  Grinder (D:5)
  Prince Ribbit (D:7)
  3 wyverns
  A basilisk (D:10)
  6 yaks (Lair:1)
  Edmund (D:3)
  7 water moccasins
  6 orc warriors
  A hornet zombie (D:6)
  A sky beast (D:7)
  15 black bears
  2 necrophages
  3 wolves (D:10)
  2 ogres
  A phantom (D:4)
  19 kobold brigands
  4 bullfrogs
  2 scorpions
  2 wyvern zombies (D:8)
  15 killer bees
  5 wights (D:8)
  A howler monkey (D:5)
  2 electric eels
  3 centaur zombies
  5 hounds
  A jelly (D:4)
  3 orc priests
  5 iguanas
  7 orc wizards
  A scorpion zombie (D:5)
  A hound zombie (D:5)
  6 adders
  4 gnolls (D:6)
  2 shadow imps
  2 white imps
  2 adder skeletons (D:4)
  A worm (D:5)
  4 dart slugs
  30 orcs
  4 bats
  5 endoplasms
  9 goblins
  11 hobgoblins
  4 jackals (D:4)
  5 quokkas
  10 ball pythons
  5 frilled lizards
  17 kobolds
  2 rats (D:2)
267 creatures vanquished.

Vanquished Creatures (others)
  3 fungi (Lair:1)
  21 plants
24 creatures vanquished.

Grand Total: 291 creatures vanquished

Notes
Turn   | Place    | Note
-------+----------+-------------------------------------------
     0 | D:1      | lunkers the Demigod Earth Elementalist began the quest for
                  | the Orb.
     0 | D:1      | Reached XP level 1. HP: 14/14 MP: 5/5
   213 | D:1      | Reached XP level 2. HP: 20/20 MP: 4/7
  1384 | D:2      | Reached XP level 3. HP: 26/26 MP: 6/9
  1392 | D:2      | Learned a level 2 spell: Passwall
  1396 | D:2      | Learned a level 3 spell: Stone Arrow
  2481 | D:3      | Reached XP level 4. HP: 29/33 MP: 6/10
  2737 | D:4      | Noticed Edmund
  2737 | D:4      | Noticed an ogre
  2766 | D:3      | Killed an ogre
  2767 | D:3      | Reached skill level 1 in Conjurations
  2767 | D:3      | Killed Edmund
  2768 | D:3      | Reached skill level 2 in Conjurations
  2768 | D:3      | Reached XP level 5. HP: 15/38 MP: 9/12
  2981 | D:4      | Reached skill level 3 in Conjurations
  2981 | D:4      | Reached XP level 6. HP: 10/45 MP: 8/14
  3259 | D:4      | Found a runed translucent gate.
  3259 | D:4      | Found a runed translucent gate.
  3259 | D:4      | Found a runed translucent gate.
  3259 | D:4      | Noticed Pooter's ghost (amateur MiMo)
  3264 | D:4      | Identified the +4 falchion of Xajamoi {venom, Int+2 Dex+3
                  | SInv}
  3879 | D:4      | Identified the +8 hand axe "Ruypny" {vorpal, Drain rF+ rC+
                  | Will+}
  3999 | D:5      | Entered Level 5 of the Dungeon
  4198 | D:5      | Reached skill level 4 in Conjurations
  4198 | D:5      | Reached skill level 5 in Earth Magic
  4198 | D:5      | Reached XP level 7. HP: 50/50 MP: 5/15
  4965 | D:5      | Found Fiag's Self-Improvement Boutique.
  5025 | D:5      | Found a staircase to the Ecumenical Temple.
  5102 | D:5      | Noticed Grinder
  5104 | D:5      | Reached skill level 5 in Conjurations
  5106 | D:5      | Killed Grinder
  5819 | D:6      | Reached XP level 8. HP: 57/57 MP: 8/18
  5992 | D:6      | Reached skill level 6 in Conjurations
  6202 | D:6      | Reached skill level 5 in Spellcasting
  6249 | D:6      | Identified the +10 rapier of Plog {vorpal, rF+}
  6714 | D:7      | Noticed a gargoyle
  6716 | D:7      | Killed a gargoyle
  6717 | D:7      | Reached skill level 7 in Conjurations
  6873 | D:7      | Reached XP level 9. HP: 63/63 MP: 13/20
  7001 | D:7      | Reached skill level 1 in Fighting
  7105 | D:7      | Noticed Prince Ribbit
  7109 | D:7      | Killed Prince Ribbit
  7145 | D:7      | Reached skill level 8 in Conjurations
  7303 | D:7      | Found Xenos's Distillery.
  7531 | D:8      | Noticed Joseph
  7540 | D:8      | Killed Joseph
  7748 | D:8      | Noticed Gastronok
  7767 | D:8      | Killed Gastronok
  7768 | D:8      | Reached skill level 9 in Conjurations
  7768 | D:8      | Reached XP level 10. HP: 52/77 MP: 3/23
  7922 | D:8      | Learned a level 5 spell: Irradiate
  7931 | D:8      | Identified a scroll of acquirement
  7931 | D:8      | Acquired the +3 pair of seven-league boots {Rampage+∞}
  7931 | D:8      | Found the +3 pair of seven-league boots {Rampage+∞}
  8049 | D:8      | Noticed Psyche
  8053 | D:8      | Killed Psyche
  8094 | D:8      | Noticed a boulder beetle
  8114 | D:8      | Killed a boulder beetle
  8937 | D:9      | Noticed a two-headed ogre
  8943 | D:9      | Killed a two-headed ogre
  8944 | D:9      | Reached skill level 10 in Conjurations
  9298 | D:9      | Noticed Harold
  9306 | D:9      | Killed Harold
  9307 | D:9      | Reached skill level 5 in Fighting
  9789 | D:9      | Noticed Erolcha
  9795 | D:9      | Killed Erolcha
  9961 | D:10     | Entered Level 10 of the Dungeon
 10448 | D:10     | Reached XP level 11. HP: 88/88 MP: 19/26
 10571 | D:10     | Reached skill level 11 in Conjurations
 10696 | D:10     | Found a staircase to the Lair.
 10797 | D:10     | HP: 2/89 [poisoned by a kobold brigand]
 11808 | Lair:1   | Entered Level 1 of the Lair of Beasts
 12473 | Lair:1   | You fall into a shaft and drop 1 floor!
 12473 | Lair:2   | Noticed a boulder beetle
 12485 | Lair:2   | Killed a boulder beetle
 12486 | Lair:2   | Reached skill level 12 in Conjurations
 12531 | Lair:2   | Found the +4 skin of Zhor {*Englaciate rC+++ SInv}
 12710 | Lair:1   | Identified the +10 dagger "Agimur" {vorpal, Dex+4}
 13211 | Lair:2   | Noticed a four-headed hydra
 13213 | Lair:2   | Noticed a four-headed hydra
 13216 | Lair:2   | Killed a five-headed hydra
 13220 | Lair:2   | Mangled by a cane toad

Illustrated notes

Levels and vault maps discovered:
D:1:      dpeg_arrival_houses_and_road, layout_rooms,
          shapermc_ecumenical_altar_hornbeckon, minmay_ruptured
D:2:      cheibrodos_greedy_goblins, layout_basic, basic_altar
D:3:      layout_loops_ring, serial_glass, glass_columns_b, glass_columns_a,
          glass_columns_a, glass_columns_a, nicolae_elevator_lobby_asterisk
D:4:      layout_rooms, ebering_ghost_rock_garden, uniq_edmund
D:5:      minmay_spotlight, layout_basic, temple_fountains,
          kennysheep_decorative_pillar, nicolae_shop_self_help, uniq_grinder
D:6:      layout_cave_pods
D:7:      layout_loops_ring, serial_shops, shop, minmay_misc_feat_tiny,
          uniq_prince_ribbit1
D:8:      layout_basic, vehumet_crystals, kennysheep_path_1,
          kennysheep_pointless_box, uniq_gastronok, uniq_psyche, uniq_joseph
D:9:      layout_basic, uniq_harold, uniq_erolcha
D:10:     layout_cave_pods, minmay_lair_entry_grove, special_room
          [special_room_kobold]
Lair:1:   beast_lair_carwin_large_3, layout_chaotic_city, st_stairs_7,
          serial_bayou_pond_b
Lair:2:   layout_regular_city, minmay_snake_entry_guardpost_large,
          hellmonk_guarded_unrand_zhor

Skill      XL: |  1  2  3  4  5  6  7  8  9 10 11 |
---------------+----------------------------------+-----
Earth Magic    | 3 4 5 6 7 |  7.5
Spellcasting   | 2 3 4 5 6 7 8 |  8.5
Conjurations   | 2 3 4 5 7 9 10 12 | 12.4
Fighting       | 3 5 7 |  7.0
Dodging        | |  1.7
Stealth        | |  1.7
Transmutations | |  0.8

Action                   |  1- 3 |  4- 6 |  7- 9 | 10-12 || total
-------------------------+-------+-------+-------+-------++-------
Melee: Unarmed           |     1 |       |       |       ||     1
       Flail             |       |     3 |       |       ||     3
       Falchion          |       |       |     6 |    52 ||    58
       Punch             |       |       |       |     1 ||     1
 Cast: Sandblast         |    69 |    10 |       |     3 ||    82
       Stone Arrow       |       |    27 |   120 |   237 ||   384
       Irradiate         |       |       |       |     2 ||     2
Evoke: Wand              |       |     3 |     5 |     3 ||    11
  Use: Scroll            |       |       |       |    20 ||    20
       Potion            |       |       |       |     1 ||     1
Armor: Robe              |     4 |       |     8 |   100 ||   112
Dodge: Dodged            |    13 |     5 |    39 |   117 ||   174

Table legend: (Time is in decaauts)
 A = Elapsed time spent in this place.
 B = Non-inter-level travel time spent in this place.
 C = Inter-level travel time spent in this place.
 D = Time resting spent in this place.
 E = Time spent auto-exploring this place.
 F = Levels seen in this place.
 G = Mean time per level.
                   A        B        C        D        E       F      G
               +--------+--------+--------+--------+--------+-----+--------+
         Total |  13252 |  12861 |    391 |   1215 |  10125 |  12 | 1104.3 |
       Dungeon |  11837 |  11523 |    314 |   1177 |   9002 |  10 | 1183.7 |
          Lair |   1415 |   1339 |     76 |     38 |   1123 |   2 |  707.5 |
               +--------+--------+--------+--------+--------+-----+--------+

Top non-repeatable levels by time:
     D:4: 1584 daAuts
     D:9: 1538 daAuts
    D:10: 1514 daAuts
  Lair:1: 1261 daAuts
     D:8: 1252 daAuts
     D:2: 1239 daAuts
     D:5: 1098 daAuts
     D:6: 1061 daAuts
     D:3: 929 daAuts
     D:7: 822 daAuts
     D:1: 797 daAuts
  Lair:2: 154 daAuts
